 Dungeon Crawl Stone Soup version 0.26-a0-652-gafc20e3620 (webtiles) character file.

Game seed: 11486802673023369340

3 DogServant the Magician (level 1, -4/11 HPs)
             Began as an Octopode Hedge Wizard on Oct 3, 2020.
             Slain by a hobgoblin
             ... wielding a +0 club
              (5 damage)
             ... on level 1 of the Dungeon.
             The game lasted 00:00:17 (27 turns).

DogServant the Magician (Octopode Hedge Wizard)       Turns: 27, Time: 00:00:18

Health: -4/11      AC:  1    Str:  9    XL:     1   Next: 50%
Magic:  0/4        EV: 13    Int: 16    God:
Gold:   7          SH:  0    Dex: 11    Spells: 5/6 levels left

rFire    . . .     SeeInvis .   a - +0 dagger
rCold    . . .     Faith    .   (no shield)
rNeg     . . .     Spirit   .   b - +0 hat
rPois    .         Reflect  .   (no amulet)
rElec    .         Harm     .   (no ring)
rCorr    .         Rampage  .   (no ring)
MR       .....                  (no ring)
Stlth    +++.......             (no ring)
HPRegen  0.03/turn              (no ring)
MPRegen  0.09/turn              (no ring)
                                (no ring)
                                (no ring)

@: no status effects
A: almost no armour, stealthy swim, amphibious, 8 rings, constrict 8, camouflage
1, gelatinous body 1
a: no special abilities


You were on level 1 of the Dungeon.
You visited 1 branch of the dungeon, and saw 1 of its levels.

You collected 7 gold pieces.

Inventory:

Hand Weapons
 a - a +0 dagger (weapon)
Armour
 b - a +0 hat (worn)


   Skills:
 - Level 2.0 Dodging
 + Level 2.8 Stealth
 + Level 3.0 Spellcasting
 + Level 1.1 Conjurations
   Level 1.0 Summonings
   Level 1.0 Translocations


You had 5 spell levels left.
You knew the following spells:

 Your Spells              Type           Power        Failure   Level
a - Magic Dart            Conj           #...         12%         1

Your spell library contained the following spells:

 Spells                   Type           Power        Failure   Level
 Blink                    Tloc           N/A          19%         2
 Call Imp                 Summ           #.......     19%         2
 Slow                     Hex            #.......     28%         2
 Conjure Flame            Conj/Fire      #.......     41%         3
 Mephitic Cloud           Conj/Pois/Air  #.......     43%         3


Dungeon Overview and Level Annotations

Branches:
Dungeon (1/15)

Altars:


Innate Abilities, Weirdness & Mutations

You cannot wear most types of armour.
You are very stealthy in the water. (Stealth+)
You are amphibious.
You can wear up to eight rings at the same time.
You can use your tentacles to constrict eight enemies at once.
Your skin changes colour to match your surroundings (Stealth+).
Your rubbery body absorbs attacks. (AC +1, EV +1)


Message History

The leopard gecko is heavily wounded.
The leopard gecko barely misses you. The hobgoblin hits you with a +0 club.
Ouch! That really hurt!
You hit the leopard gecko but do no damage.
You grab the leopard gecko.
The leopard gecko is heavily wounded.
You constrict the leopard gecko. The leopard gecko closely misses you.
The hobgoblin completely misses you. The leopard gecko barely misses you.
You barely miss the leopard gecko. You squeeze the leopard gecko.
The leopard gecko is severely wounded.
You constrict the leopard gecko. The leopard gecko bites you.
The hobgoblin barely misses you.
You hit the leopard gecko.
You kill the leopard gecko!
The hobgoblin hits you with a +0 club.
* * * LOW HITPOINT WARNING * * *
You hit the hobgoblin. Your grab misses the hobgoblin.
The hobgoblin is moderately wounded.
The hobgoblin hits you with a +0 club.
You die...

.. .# ###. . .#. ...#..
#... ....# #.... ....#
#?...# ##....# #.....###
###.)...#
#......#######......#..
#..@g..<......###...
.....###.......###......
#.( ....#######.......#
# #... ...##### ####
####


You could see a hobgoblin.

Vanquished Creatures
  A leopard gecko (D:1)
  A hobgoblin (D:1)
2 creatures vanquished.

Notes
Turn   | Place    | Note
-------+----------+-------------------------------------------
     0 | D:1      | DogServant the Octopode Hedge Wizard began the quest for
                  | the Orb.
     0 | D:1      | Reached XP level 1. HP: 11/11 MP: 4/4
    27 | D:1      | Slain by a hobgoblin

Illustrated notes

Levels and vault maps discovered:
D:1:      dpeg_arrival_oval, layout_loops_ring, serial_bayou_pond_a,
          chequers_arboretum, minmay_misc_feat_cross

Action                   || total
-------------------------++-------
Melee: Dagger            ||     6
       Constrict         ||     1
       Tentacles         ||     1
 Cast: Magic Dart        ||     5
Dodge: Dodged            ||     9

Table legend: (Time is in decaauts)
 A = Elapsed time spent in this place.
 B = Non-inter-level travel time spent in this place.
 C = Inter-level travel time spent in this place.
 D = Time resting spent in this place.
 E = Time spent auto-exploring this place.
 F = Levels seen in this place.
 G = Mean time per level.
                   A        B        C        D        E       F      G
               +--------+--------+--------+--------+--------+-----+--------+
         Total |     27 |     27 |      0 |      0 |      3 |   1 |   27.0 |
       Dungeon |     27 |     27 |      0 |      0 |      3 |   1 |   27.0 |
               +--------+--------+--------+--------+--------+-----+--------+

Top non-repeatable levels by time:
     D:1: 27 daAuts
